 Dungeon Crawl Stone Soup version 0.17.1-1-g73c8601 (webtiles) character file.

99 lucasterio the Cudgeler (level 4, -5/52 HPs)
             Began as a Demonspawn Berserker on Dec 19, 2015.
             Was a Believer of Trog.
             Slain by Crazy Yiuf
             ... wielding a +2 quarterstaff of chaos
              (6 damage)
             ... on level 3 of the Dungeon.
             The game lasted 00:07:56 (2592 turns).

lucasterio the Cudgeler (Demonspawn Berserker)      Turns: 2592, Time: 00:07:56

Health: -5/52      AC: 22    Str: 21    XL:     4   Next: 45%
Magic:  4/4        EV:  5    Int:  8    God:    Trog [**....]
Gold:   214        SH:  0    Dex: 13    Spells: 0 memorised, 3 levels left

rFire  x . .     SeeInvis .     a - +0 mace
rCold  + . .     Clarity  .     (armour currently unavailable)
rNeg   + + +     SustAt   .     (no shield)
rPois  +         Gourm    .     (helmet currently unavailable)
rElec  .         Spirit   .     (cloak currently unavailable)
rCorr  .         Warding  .     (gloves currently unavailable)
rMut   .         NoTele   +     (boots currently unavailable)
MR     .....                    (no amulet)
Stlth  +.........               l - ring of ice
                                m - +3 ring of strength

@: confused, lethally poisoned (-5 -> -6), tree-form (expiring), not resistant
to hostile enchantments, very unstealthy
A: repulsion field 2, (cold resistance 0)
a: Berserk, Trog's Hand, Burn Spellbooks, Renounce Religion


You were on level 3 of the Dungeon.
You worshipped Trog.
Trog was pleased with you.
You were hungry.
You were a tree.
You visited 1 branch of the dungeon, and saw 3 of its levels.

You collected 214 gold pieces.

Inventory:

Hand Weapons
 a - a +0 mace (weapon)
Missiles
 i - 71 stones (quivered)
Armour
 g - a +1 hat (melded)
 h - a +0 cloak (melded)
 r - a +0 ring mail (melded)
Jewellery
 e - a +5 ring of intelligence
 l - a ring of ice (right branch)
 m - a +3 ring of strength (left branch)
 o - an uncursed ring of protection from fire
Scrolls
 b - 3 scrolls of recharging {unknown}
 j - a scroll of teleportation {unknown}
 p - a scroll of blinking {unknown}
 s - a scroll of identify {unknown}
 v - a scroll of fog {unknown}
Potions
 d - 2 potions of lignification
 t - a potion of resistance {unknown}
 u - a potion of might
Comestibles
 c - 3 bread rations
 f - 3 slices of pizza
 k - 4 chunks of flesh
 n - a beef jerky
 q - a meat ration
 w - 6 fruits


   Skills:
 - Level 3.0 Fighting
 * Level 4.2 Maces & Flails
 + Level 2.8 Armour
 - Level 1.7 Dodging


You had 3 spell levels left.
You didn't know any spells.

Dungeon Overview and Level Annotations

Branches:
Dungeon (3/15)

Altars:
Cheibriados
Fedhas
Ru
Xom

Annotations:
D:3 Crazy Yiuf


Innate Abilities, Weirdness & Mutations

You are surrounded by a moderate repulsion field (EV +3).
((Your flesh is cold resistant.))


Message History

Crazy Yiuf hits you with a quarterstaff of chaos!
* * * LOW HITPOINT WARNING * * *
You convulse!
* * * LOW HITPOINT WARNING * * *
You swing at nothing.
Crazy Yiuf hits you but does no damage.
You sock Crazy Yiuf!
Crazy Yiuf is heavily wounded.
* * * LOW HITPOINT WARNING * * *
You feel sick. Crazy Yiuf hits you but does no damage.
You hit Crazy Yiuf.
Crazy Yiuf is severely wounded.
Your transformation is almost over.
Crazy Yiuf hits you but does no damage.
You swing at nothing.
Crazy Yiuf hits you but does no damage.
You closely miss Crazy Yiuf.
Crazy Yiuf is severely wounded.
* * * LOW HITPOINT WARNING * * *
You feel sick.
Crazy Yiuf hits you with a quarterstaff of chaos.
You die...

#.............## #.##
#########..#####
.....########## #...# #
..............# #...# #
..####.#.###.# #...# #
########.#.###.# #...# #
#........#..##.# #...# #
.....##..#g.##.######...####
... #....♣................ .
##.)..####............
#....# #............ ♣..).♣
####.#....### ♣...♣♣
#.......# # ♣♣.♣♣ #..#....#
# ♣.♣♣ #..#....# ♣♣.♣
#.<.....# ♣.♣ #.##..÷.###


You could see Crazy Yiuf.

Vanquished Creatures
  4 adders
  A worm (D:2)
  4 giant geckos
  3 giant cockroaches (D:2)
  7 hobgoblins
  2 jackals (D:1)
  A quokka (D:2)
  6 bats
  6 giant newts
  6 goblins
  8 kobolds
  10 rats
58 creatures vanquished.

Notes
Turn   | Place    | Note
--------------------------------------------------------------
     0 | D:1      | lucasterio the Demonspawn Berserker began the quest for the Orb.
     0 | D:1      | Reached XP level 1. HP: 18/18 MP: 1/1
   279 | D:1      | Gained mutation: Your flesh is cold resistant. [demonic ancestry]
   279 | D:1      | Reached XP level 2. HP: 18/24 MP: 2/2
  1023 | D:2      | Found a snail-covered altar of Cheibriados.
  1024 | D:2      | Found a sacrificial altar of Ru.
  1113 | D:2      | Gained mutation: You are surrounded by a mild repulsion field (EV +2). [demonic ancestry]
  1113 | D:2      | Reached XP level 3. HP: 19/29 MP: 3/3
  1238 | D:2      | Reached ** piety under Trog
  1475 | D:2      | Gained mutation: You are surrounded by a moderate repulsion field (EV +3). [demonic ancestry]
  1475 | D:2      | Reached XP level 4. HP: 35/35 MP: 4/4
  1504 | D:2      | Reached skill level 4 in Maces & Flails
  2290 | D:3      | Found a shimmering altar of Xom.
  2467 | D:3      | Found a blossoming altar of Fedhas.
  2519 | D:3      | Noticed Crazy Yiuf
  2587 | D:3      | HP: 2/52 [Crazy Yiuf/quarterstaff of chaos (11)]
  2592 | D:3      | HP: 1/52 [poisoned by Crazy Yiuf]
  2592 | D:3      | Slain by Crazy Yiuf

Action                   |  1- 3 |  4- 6 || total
-------------------------+-------+-------++-------
Melee: Mace              |   146 |    73 ||   219
  Use: Potion            |       |     1 ||     1
 Stab: Sleeping          |     1 |       ||     1
  Eat: Chunk             |     2 |     3 ||     5
